 Dungeon Crawl Stone Soup version 0.31-a0-986-g5e6e4ef867 (webtiles) character file.

Game seed: 8562281380275107669

1413 LeprechaunX the Changeling (level 8, -5/48 HPs)
             Began as an Octopode Shapeshifter on Nov 6, 2023.
             Was a Follower of Hepliaklqana.
             Slain by an orc warrior
             ... wielding a +0 scimitar
              (11 damage)
             ... on level 6 of the Dungeon.
             The game lasted 00:08:56 (5866 turns).

LeprechaunX the Changeling (Octopode Shapeshifter)  Turns: 5866, Time: 00:08:56

Health: -5/48      AC:  1    Str: 13    XL:     8   Next: 71%
Magic:  8/8        EV: 13    Int: 12    God:    Hepliaklqana [*.....]
Gold:   195        SH:  5    Dex: 20    Spells: 7/7 levels left

rFire   . .          .
                       - Unarmed
rCold   . . .        i - +0 buckler
rNeg    . . .        (helmet currently unavailable)
rPois   .            (no amulet)
rElec   .            k - +6 ring of dexterity
rCorr   .            (no ring)
SInv    .            (no ring)
Will    .....        (no ring)
Stlth   +++          (no ring)
HPRegen 0.28/turn    (no ring)
MPRegen 0.11/turn    (no ring)
                     (no ring)

%: no passive effects
@: beast-form
A: beast (slay +3), reduced essence, almost no armour, amphibious, 8 rings,
camouflage 1, gelatinous body 1, (nimble swimmer 1), tentacles
a: Begin Untransformation, Renounce Religion, Recall Ancestor, Ancestor Identity


You were on level 6 of the Dungeon.
You worshipped Hepliaklqana.
Hepliaklqana was aware of your devotion.
You were a hulking beast.
You visited 2 branches of the dungeon, and saw 7 of its levels.

You collected 195 gold pieces.

Inventory:

Hand Weapons
 a - a +0 sling
Missiles
 h - 13 poisoned darts (quivered)
Armour
 i - a +0 buckler (worn)
Jewellery
 k - a +6 ring of dexterity (left tentacle)
 l - a ring of fire
Talismans
 b - a beast talisman
 c - a flux talisman
 f - a maw talisman
Wands
 o - a wand of polymorph (6)
 t - a wand of charming (13)
 w - a wand of flame (21)
Scrolls
 e - a scroll of silence {unknown}
 j - a scroll of poison {unknown}
 n - a scroll of vulnerability {unknown}
 q - a scroll of teleportation {unknown}
 r - 2 scrolls of identify {unknown}
 s - a scroll of fog {unknown}
 u - a scroll of fear {unknown}
 v - 3 scrolls of immolation {unknown}
Potions
 d - 4 potions of magic {unknown}
 g - a potion of brilliance {unknown}
 m - 3 potions of lignification
 p - 4 potions of curing {unknown}
 x - a potion of degeneration {unknown}


   Skills:
 + Level 4.1 Fighting
 + Level 3.9 Throwing
 - Level 2.0 Dodging
 + Level 3.1 Shields
 + Level 5.0 Unarmed Combat
 + Level 3.5 Evocations
 * Level 6.0 Shapeshifting


You had 7 spell levels left.
You didn't know any spells.
Your spell library contained the following spells:

 Spells                   Type           Power      Damage    Failure   Level
 Necrotise                Necr           0%         1d4       41%         1
 Ensorcelled Hibernation  Hex/Ice        0%         N/A       56%         2
 Passwall                 Tmut/Erth      0%         N/A       56%         2
 Swiftness                Air            0%         N/A       80%         3
 Tukima's Dance           Hex            0%         N/A       80%         3
 Vampiric Draining        Necr           0%         2d6       80%         3
 Passage of Golubria      Tloc           0%         N/A       99%         4
 Agony                    Necr           0%         N/A       100%        5
 Yara's Violent Unravell  Hex/Tmut       0%         3d3       100%        5


Dungeon Overview and Level Annotations

Branches:
Dungeon (6/15)             Temple (1/1) D:4

Altars:
Ashenzari
Cheibriados
Dithmenos
Elyvilon
Fedhas
Gozag
Hepliaklqana
Kikubaaqudgha
Makhleb
Nemelex Xobeh
Okawaru
Qazlal
Sif Muna
Uskayaw
Xom
Yredelemnul
Zin
The Shining One

Shops:
D:2 [

Annotations:
D:4 3 runed translucent doors, serber55's ghost, amateur DsIE
Temple 2 transporters


Innate Abilities, Weirdness & Mutations

You are a hulking beast.
Your limbs bulge with bestial killing power. (Slay +3)
Your life essence is reduced to manifest your ancestor. (-10% HP)
You cannot wear most types of armour.
You are amphibious.
You can wear up to eight rings at the same time.
Your skin changes colour to match your surroundings (Stealth+).
Your rubbery body absorbs attacks. (AC +1, EV +1)
((You are camouflaged when in or above water. (Stealth+)))
You have tentacles for arms and can constrict up to eight enemies at once.


Message History

Throw: 16 darts (poison)
Press: ? - help, Q - select action, (/) - cycle Shift-Dir - straight line, f - orc warrior
Aim: an orc warrior, wielding a +0 scimitar and wearing a +0 plate armour (66% to hit)
You throw a poisoned dart. The poisoned dart hits the orc warrior.
The orc warrior is poisoned.
Throw: 15 darts (poison)
Press: ? - help, Q - select action, (/) - cycle Shift-Dir - straight line, f/p - orc warrior
Aim: an orc warrior, wielding a +0 scimitar and wearing a +0 plate armour (poisoned, 67% to hit)
You throw a poisoned dart.
The poisoned dart closely misses the orc warrior.
Throw: 14 darts (poison)
Press: ? - help, Q - select action, (/) - cycle Shift-Dir - straight line, f/p - orc warrior
Aim: an orc warrior, wielding a +0 scimitar and wearing a +0 plate armour (poisoned, 66% to hit)
You throw a poisoned dart. The poisoned dart hits the orc warrior.
The orc warrior looks even sicker.
You bludgeon the orc warrior! You grab the orc warrior.
You squeeze the orc warrior, but do no damage.
The orc warrior is moderately wounded.
You constrict the orc warrior, but do no damage.
The orc warrior misses you.
You tentacle-slap the orc warrior.
The orc warrior is moderately wounded.
You constrict the orc warrior, but do no damage.
You block the orc warrior's attack.
You tentacle-slap the orc warrior but do no damage.
The orc warrior is moderately wounded.
You constrict the orc warrior, but do no damage.
The orc warrior hits you with a +0 scimitar!!
Unknown command.
You release your grip on the orc warrior.
The orc warrior attacks as it pursues you!
The orc warrior hits you with a +0 scimitar!!
* * * LOW HITPOINT WARNING * * *
There is a stone staircase leading up, spattered with blood here.
You closely miss the orc warrior. You grab the orc warrior.
You squeeze the orc warrior.
The orc warrior is heavily wounded.
You constrict the orc warrior, but do no damage.
The orc warrior hits you with a +0 scimitar!
You die...

#..#.......##
##...#.......## ###
#....#........### #.#
#....#..........#
###.###................
#..)...................
###..o.(.(.#..........(
#....o####)####[....(.(
##...)h)...#####).....#
##.#.##....#.#........
#######..............
###.#......)...
###.........$
#..........
#...........
#..$.......#.
#...###....##


You could see an orc warrior (very poisoned) and an orc.

Vanquished Creatures
  Grinder (D:5)
  Eustachio (D:5)
  A water moccasin (D:5)
  A phantom (D:6)
  Blork the orc (D:5)
  A gnoll sergeant (D:6)
  4 jellies
  3 orc priests
  A hound (D:6)
  2 gnoll boudas (D:5)
  An iguana (D:5)
  2 orc wizards
  11 gnolls
  12 adders
  2 white imps (D:5)
  3 worms
  A dart slug (D:1)
  16 orcs
  3 ball pythons
  5 bats
  6 endoplasms
  4 giant cockroaches
  3 hobgoblins
  3 kobolds
  3 quokkas
  2 frilled lizards
  5 goblins
  5 rats
103 creatures vanquished.

Vanquished Creatures (collateral kills)
  An iguana (D:6)
  4 gnolls (D:6)
  2 ufetubi (D:6)
  An orc (D:6)
8 creatures vanquished.

Vanquished Creatures (others)
  3 ancestors (D:6)
3 creatures vanquished.

Grand Total: 114 creatures vanquished

Notes
Turn   | Place    | Note
-------+----------+-------------------------------------------
     0 | D:1      | LeprechaunX the Octopode Shapeshifter began the quest for
                  | the Orb.
     0 | D:1      | Reached XP level 1. HP: 13/13 MP: 1/1
   251 | D:1      | Reached XP level 2. HP: 18/18 MP: 2/2
   781 | D:2      | Reached XP level 3. HP: 14/23 MP: 3/3
   832 | D:2      | Found Pudocesm's Antique Armour Shop.
   860 | D:2      | Reached skill level 1 in Throwing
   885 | D:2      | Reached XP level 4. HP: 29/29 MP: 4/4
  1225 | D:2      | Reached skill level 4 in Shapeshifting
  1359 | D:2      | Reached XP level 5. HP: 34/34 MP: 5/5
  1703 | D:3      | Found a faded altar of an unknown god.
  2608 | D:4      | Found a runed translucent gate.
  2729 | D:4      | Reached skill level 1 in Evocations
  2729 | D:4      | Reached XP level 6. HP: 36/41 MP: 6/6
  2876 | D:4      | Found a staircase to the Ecumenical Temple.
  2887 | D:4      | Reached skill level 1 in Shields
  2887 | D:4      | Noticed serber55's ghost (amateur DsIE)
  2893 | Temple   | Found a transporter.
  2893 | Temple   | Found a transporter.
  2893 | Temple   | Found a transporter.
  2893 | Temple   | Found a transporter.
  2893 | Temple   | Entered the Ecumenical Temple
  2907 | Temple   | Became a worshipper of Hepliaklqana the Forgotten
  3047 | D:4      | Found a runed translucent gate.
  3056 | D:4      | Found a runed translucent gate.
  3240 | D:5      | Entered Level 5 of the Dungeon
  3409 | D:5      | Noticed Grinder
  3427 | D:5      | Paralysed by Grinder for 3 turns
  3431 | D:5      | Killed Grinder
  3432 | D:5      | Reached XP level 7. HP: 9/46 MP: 7/7
  3896 | D:5      | Reached skill level 5 in Shapeshifting
  3960 | D:5      | Noticed Eustachio
  3979 | D:5      | Killed Eustachio
  3991 | D:5      | Reached XP level 8. HP: 14/52 MP: 8/8
  4436 | D:5      | Reached * piety under Hepliaklqana
  4481 | D:5      | Found a blossoming altar of Fedhas.
  4751 | D:6      | Noticed Blork the orc
  4763 | D:5      | Killed Blork the orc
  5291 | D:5      | HP: 2/48 [white imp/puff of frost (6)]
  5706 | D:6      | Reached skill level 5 in Unarmed Combat
  5706 | D:6      | Reached skill level 6 in Shapeshifting
  5866 | D:6      | Slain by an orc warrior

Illustrated notes

Levels and vault maps discovered:
D:1:      lightli_arrival_isolated_outpost, layout_basic
D:2:      layout_loops_ring, serial_shops,
          nicolae_shop_temple_entry_statues_fountains
D:3:      layout_basic, basic_ecumenical_altar
D:4:      layout_cave_pools, minmay_temple_entry_proselytizer,
          gammafunk_ghost_split
D:5:      layout_basic, kennysheep_mini, uniq_grinder, uniq_eustachio
D:6:      layout_cave_pools, uniq_blork_the_orc
Temple:   hellmonk_temple_divided_pantheon

Skill      XL: |  1  2  3  4  5  6  7  8 |
---------------+-------------------------+-----
Throwing       | 1 2 3 |  3.9
Fighting       | 2 3 4 |  4.1
Shapeshifting  | 4 5 6 |  6.0
Evocations     | 1 2 3 |  3.5
Shields        | 1 2 3 |  3.1
Unarmed Combat | 4 5 |  5.0
Dodging        | |  2.0

Action                     |  1- 3 |  4- 6 |  7- 9 || total
---------------------------+-------+-------+-------++-------
  Melee: Unarmed           |    44 |   110 |    99 ||   253
         Constrict         |    11 |    30 |    23 ||    64
         Tentacles         |     8 |    25 |    20 ||    53
         Punch             |     1 |     5 |     3 ||     9
   Fire: Sling             |       |     7 |       ||     7
  Throw: Boomerang         |     3 |     3 |    25 ||    31
         Dart              |       |    14 |    25 ||    39
 Invoke: Recall Ancestor   |       |       |     2 ||     2
    Use: Potion            |       |       |     1 ||     1
   Stab: Sleeping          |     2 |     6 |     1 ||     9
 Armour: Skin              |     7 |    51 |    63 ||   121
  Dodge: Dodged            |    25 |    40 |    41 ||   106
  Block: Buckler           |       |    15 |    20 ||    35

Table legend: (Time is in decaauts)
 A = Elapsed time spent in this place.
 B = Non-inter-level travel time spent in this place.
 C = Inter-level travel time spent in this place.
 D = Time resting spent in this place.
 E = Time spent auto-exploring this place.
 F = Levels seen in this place.
 G = Mean time per level.
                   A        B        C        D        E       F      G
               +--------+--------+--------+--------+--------+-----+--------+
         Total |   5864 |   5508 |    356 |   1291 |   3297 |   7 |  837.7 |
       Dungeon |   5833 |   5503 |    330 |   1291 |   3297 |   6 |  972.2 |
        Temple |     30 |      4 |     26 |      0 |      0 |   1 |   30.0 |
               +--------+--------+--------+--------+--------+-----+--------+

Top non-repeatable levels by time:
     D:5: 2153 daAuts
     D:2: 961 daAuts
     D:3: 860 daAuts
     D:1: 733 daAuts
     D:4: 650 daAuts
     D:6: 474 daAuts
  Temple: 30 daAuts
